AoeStats
← Vanvanbman

Fortress

510261151Analyzed
3v3 RM · 1d ago on Sep 30, 2026· 26m 51s· 6 players
Game mode
Random Map
Map size
Large (8 player)
Population
200
Speed
Normal
Resources
Standard
Victory
Conquest
Starting age
Dark Age
Ending age
Imperial Age
RankedLock teamsTeams togetherTeam positionsShared explorationLock speedFull tech treeHidden civsTurbo modeCheats
Victory
Defeat
🇲🇽 Aztecs · Mexico
1192
+11
985
+19
🇲🇽 Byzantines · Mexico
921
+22
🇨🇳 Franks · China
1068
-18
🇦🇺 Teutons · Australia
1064
-17
🇩🇪 Ethiopians · Germany
1052
-17
Scheibenenteise
7:17 Feudal Age
aaa916_
4:21 Loom
6:42 Feudal Age
12:44 Castle Age
11:06 Double-Bit Axe
12:48 Gold Mining
14:23 Husbandry
23:59 Scale Barding Armor
25:57 Wheelbarrow
Vanvanbman
1:34 Loom
7:52 Feudal Age
8:29 Horse Collar
8:36 Double-Bit Axe
12:57 Castle Age
11:32 Gold Mining
14:52 Bow Saw
15:10 Squires
18:13 Heavy Plow
21:55 Wheelbarrow
[HDAO] Adrian el del eich
11:17 Feudal Age
14:55 Castle Age
12:56 Gold Mining
12:49 Horse Collar
12:57 Double-Bit Axe
14:00 Forging
13:51 Scale Mail Armor
16:24 Wheelbarrow
20:26 Chain Mail Armor
20:23 Heavy Plow
21:54 Iron Casting
21:08 Arson
21:24 Squires
22:06 Ironclad
23:31 Hand Cart
Soguer
6:23 Feudal Age
10:52 Castle Age
10:17 Double-Bit Axe
11:23 Loom
13:30 Fervor
14:05 Redemption
17:49 Sanctity
[HDAO] LiquidFlux
9:43 Feudal Age
11:24 Loom
12:45 Double-Bit Axe
15:31 Castle Age
15:14 Horse Collar
16:04 Gold Mining
22:33 Pikeman
23:14 Squires
22:59 Arson
24:43 Stone Mining
25:41 Scale Mail Armor
26:00 Forging
26:11 Scale Barding Armor
Connection lost

Rejoining the realm…

Still unreachable

The connection could not be restored.

Session expired

The server has moved on; the page needs a fresh start.